Calgary Flames vs Pittsburgh Penguins
Created - Tuesday, May 23, 2023 at 08:36
Goals
|
| Calgary Flames |
1 |
1 |
1 |
3 |
| Pittsburgh Penguins |
2 |
1 |
1 |
4 |
|
Shots
|
| Calgary Flames |
8 |
10 |
17 |
35 |
| Pittsburgh Penguins |
15 |
8 |
7 |
30 |
|
1st period
1. Pittsburgh Penguins , Mitch Marner 22 (Leon Draisaitl 39, Anton Stralman 14) at 8:03
2. Calgary Flames , J.T. Miller 25 (Sebastian Aho 24, Zach Hyman 31) at 8:52
3. Pittsburgh Penguins , Leon Draisaitl 31 (Erik Karlsson 24, Mitch Marner 43) at 9:59 (PP)
Penalties :
Jeff Petry (CGY) for Cross-checking (Minor) at 9:06, Erik Gudbranson (PIT) for Roughing (Minor) at 19:10
2nd period
4. Pittsburgh Penguins , Jeff Carter 14 (Anders Lee 20) at 4:48
5. Calgary Flames , Max Pacioretty 12 (Joel Eriksson Ek 22) at 17:17
Penalties :
Jeff Carter (PIT) for High sticking (Minor) at 2:29, Logan Couture (CGY) for Holding (Minor) at 8:58
3rd period
6. Calgary Flames , Garnet Hathaway 7 (Nic Dowd 10, Joel Eriksson Ek 23) at 5:17
7. Pittsburgh Penguins , Jordan Eberle 4 (Erik Karlsson 25) at 11:51
Penalties :
Jeff Carter (PIT) for Hooking (Minor) at 2:39, Drew Doughty (CGY) for Roughing (Minor) at 5:28, Erik Karlsson (PIT) for Goalie Interference (Minor) at 8:26, J.T. Miller (CGY) for Hooking (Minor) at 12:10
Goalie Stats
Thatcher Demko (CGY), 26 saves from 30 shots - (0.867), L, 20-20-4, 58:42 minutes
Mike Smith (PIT), 32 saves from 35 shots - (0.914), W, 8-6-0, 60:00 minutes
Players Stats for Calgary Flames
Player Name G A P +/- PIM S H SB GA TA FO MP PP MP PK MP
------------------------------------------------------------------------------------
Drew Doughty 0 0 0 1 2 1 1 1 0 0 0/0 22:08 3:50 2:51
Garnet Hathaway 1 0 1 0 0 2 1 1 0 0 0/0 8:27 0:00 0:00
J.T. Miller 1 0 1 0 2 6 1 0 0 2 1/1 19:24 4:01 2:23
Jeff Petry 0 0 0 -1 2 0 2 0 0 0 0/0 22:56 3:45 3:10
Jeremy Lauzon 0 0 0 0 0 0 2 1 0 0 0/0 14:18 0:21 0:00
Joel Eriksson Ek 0 2 2 0 0 2 1 0 1 1 3/9 11:29 0:05 0:10
Kevin Fiala 0 0 0 0 0 2 0 1 1 0 0/1 16:28 3:55 0:00
Kris Russell 0 0 0 0 0 2 0 2 0 1 0/0 14:56 0:21 0:49
Logan Couture 0 0 0 0 2 3 1 0 0 0 9/18 18:35 3:55 2:00
Mathieu Joseph 0 0 0 0 0 1 2 0 0 0 0/1 12:36 0:00 1:31
Max Pacioretty 1 0 1 0 0 5 2 0 1 1 0/0 11:05 0:00 0:00
Nic Dowd 0 1 1 0 0 1 0 1 0 0 0/0 8:27 0:00 0:00
Oskar Lindblom 0 0 0 0 0 0 0 0 0 0 0/0 8:27 0:00 0:00
Ryan Ellis 0 0 0 -1 0 0 0 1 0 0 0/0 22:28 3:45 3:02
Ryan McDonagh 0 0 0 1 0 2 3 0 0 0 0/0 23:14 3:50 3:48
Sebastian Aho 0 1 1 0 0 3 1 1 0 1 10/21 20:18 3:56 3:24
Valeri Nichushkin 0 0 0 0 0 2 1 0 0 0 0/3 17:42 3:55 1:08
Zach Hyman 0 1 1 0 0 3 3 0 0 1 0/1 20:08 4:01 3:04
Players Stats for Pittsburgh Penguins
Player Name G A P +/- PIM S H SB GA TA FO MP PP MP PK MP
------------------------------------------------------------------------------------
Anders Lee 0 1 1 0 0 2 0 0 0 0 0/0 14:46 3:01 0:05
Anton Stralman 0 1 1 2 0 0 1 2 0 0 0/0 22:51 3:36 3:55
Blake Coleman 0 0 0 -1 0 0 0 0 0 0 0/0 10:58 0:00 0:00
Chris Tanev 0 0 0 -1 0 1 0 1 0 0 0/0 12:47 0:00 0:00
Colton Sissons 0 0 0 0 0 2 1 0 0 0 3/3 8:12 0:00 0:00
Erik Gudbranson 0 0 0 0 2 0 1 1 0 0 0/0 8:15 0:00 0:00
Erik Karlsson 0 2 2 -1 2 0 2 1 1 0 0/0 24:04 3:14 3:17
Jean-Gabriel Pageau 0 0 0 -1 0 0 1 0 0 1 5/9 11:30 0:05 0:00
Jeff Carter 1 0 1 0 4 3 0 0 1 0 0/0 14:46 3:01 0:00
Jordan Eberle 1 0 1 1 0 3 2 0 0 0 0/0 9:00 0:01 0:05
Leon Draisaitl 1 1 2 1 0 5 2 0 1 0 16/25 21:56 3:48 4:10
Mattias Ekholm 0 0 0 -1 0 0 2 1 1 1 0/0 24:22 3:14 4:01
Mitch Marner 1 1 2 1 0 9 0 2 1 0 1/1 21:56 3:48 4:10
Pavel Buchnevich 0 0 0 1 0 2 3 3 0 0 1/5 20:48 3:44 3:41
Reilly Smith 0 0 0 -1 0 0 0 0 0 0 0/0 11:21 0:01 0:00
Ryan Johansen 0 0 0 -1 0 1 0 0 2 0 6/12 18:06 3:01 3:41
Ryan Suter 0 0 0 2 0 2 1 0 0 0 0/0 22:51 3:36 3:55
T.J. Brodie 0 0 0 -1 0 0 4 2 0 1 0/0 13:31 0:00 0:44
3 Stars
1 - Leon Draisaitl (PIT)
2 - Mitch Marner (PIT)
3 - Jordan Eberle (PIT)
Power Play
Calgary Flames - 0 on 4 Attempt(s) - 0.00%
Pittsburgh Penguins - 1 on 4 Attempt(s) - 25.00%
Penalty Kill
Calgary Flames - 3 on 4 Attempt(s) - 75.00%
- Score 0 goal in Penalty Kill
Pittsburgh Penguins - 4 on 4 Attempt(s) - 100.00%
- Score 0 goal in Penalty Kill
Team Stat
Calgary Flames - Hits : 21 - Faceoff Wins : 23 - Blocked Shots : 9 - Penalty Minutes : 8
Pittsburgh Penguins - Hits : 20 - Faceoff Wins : 32 - Blocked Shots : 13 - Penalty Minutes : 8
Official
Referees : Mark Lemelin and Dave Jackson
Linesman : Steve Miller and Pierre Racicot
Game Notes
No Game Note
Finance
Level 1 -- Attendance: 4821 (80.35%) -- Ticket Income $482,100
Level 2 -- Attendance: 3895 (77.90%) -- Ticket Income $233,700
Level 3 -- Attendance: 2284 (76.13%) -- Ticket Income $79,940
Level 4 -- Attendance: 3832 (76.64%) -- Ticket Income $95,800
Luxury Box -- Attendance: 790 (79.00%) -- Ticket Income $158,000
Game was played at the Consol Energy Center.
Total Attendance: 15622 (78.11%)
Total Ticket Income: $1,049,540
Other Income: $367,339
Total Income: $1,416,879
Calgary Flames
5 vs 5 Forward
Center Left Wing Right Wing Time % Phy DF OF
1 Sebastian Aho J.T. Miller Zach Hyman 30 1 2 2
2 Logan Couture Valeri Nichushkin Kevin Fiala 30 1 2 2
3 Joel Eriksson Ek Max Pacioretty Mathieu Joseph 25 1 2 2
4 Nic Dowd Oskar Lindblom Garnet Hathaway 15 1 2 2
5 vs 5 Defense
Defense Defense Time % Phy DF OF
1 Drew Doughty Ryan McDonagh 35 1 2 2
2 Jeff Petry Ryan Ellis 35 1 2 2
3 Jeremy Lauzon Kris Russell 30 1 2 2
4 Drew Doughty Ryan McDonagh 0 1 2 2
PowerPlay Forward
Center Left Wing Right Wing Time % Phy DF OF
1 Sebastian Aho J.T. Miller Zach Hyman 50 1 2 2
2 Logan Couture Valeri Nichushkin Kevin Fiala 50 1 2 2
PowerPlay Defense
Defense Defense Time % Phy DF OF
1 Drew Doughty Ryan McDonagh 50 1 2 2
2 Jeff Petry Ryan Ellis 50 1 2 2
Penalty Kill 4 Players Forward
Center Wing Time % Phy DF OF
1 Sebastian Aho J.T. Miller 50 1 2 2
2 Logan Couture Zach Hyman 50 1 2 2
Penalty Kill 4 Players Defense
Defense Defense Time % Phy DF OF
1 Drew Doughty Ryan McDonagh 50 1 2 2
2 Jeff Petry Ryan Ellis 50 1 2 2
Penalty Kill - 3 Players Forward
Forward Time % Phy DF OF
1 Sebastian Aho 50 1 2 2
2 J.T. Miller 50 1 2 2
Penalty Kill - 3 Players Defense
Defense Defense Time % Phy DF OF
1 Drew Doughty Ryan McDonagh 50 1 2 2
2 Jeff Petry Ryan Ellis 50 1 2 2
4 vs 4 Forward
Center Wing Time % Phy DF OF
1 Sebastian Aho J.T. Miller 50 1 2 2
2 Logan Couture Zach Hyman 50 1 2 2
4 vs 4 Defense
Defense Defense Time % Phy DF OF
1 Drew Doughty Ryan McDonagh 50 1 2 2
2 Jeff Petry Ryan Ellis 50 1 2 2
Last Minutes Offensive
Center Left Wing Right Wing Defense Defense
Sebastian Aho J.T. Miller Zach Hyman Drew Doughty Ryan McDonagh
Last Minutes Defensive
Center Left Wing Right Wing Defense Defense
Sebastian Aho J.T. Miller Zach Hyman Drew Doughty Ryan McDonagh
Goaltenders
Starting : Thatcher Demko
Backup : Sam Montembeault
Extra Forwards
Normal : Joel Eriksson Ek, Max Pacioretty, Mathieu Joseph - PP : Joel Eriksson Ek, Max Pacioretty - PK : Mathieu Joseph
Extra Defensemen
Normal : Jeremy Lauzon, Kris Russell, Jeff Petry - PP : Jeremy Lauzon - PK : Kris Russell, Jeff Petry
Penalty Shots
Sebastian Aho, J.T. Miller, Logan Couture, Zach Hyman, Valeri Nichushkin
Pittsburgh Penguins
5 vs 5 Forward
Center Left Wing Right Wing Time % Phy DF OF
1 Leon Draisaitl Mitch Marner Pavel Buchnevich 30 1 2 2
2 Ryan Johansen Anders Lee Jeff Carter 30 1 2 2
3 Jean-Gabriel Pageau Blake Coleman Reilly Smith 25 1 2 2
4 Colton Sissons Erik Gudbranson Jordan Eberle 15 1 2 2
5 vs 5 Defense
Defense Defense Time % Phy DF OF
1 Mattias Ekholm Erik Karlsson 35 1 2 2
2 Ryan Suter Anton Stralman 35 1 2 2
3 Chris Tanev T.J. Brodie 30 1 2 2
4 Mattias Ekholm Erik Karlsson 0 1 2 2
PowerPlay Forward
Center Left Wing Right Wing Time % Phy DF OF
1 Leon Draisaitl Mitch Marner Pavel Buchnevich 50 1 2 2
2 Ryan Johansen Anders Lee Jeff Carter 50 1 2 2
PowerPlay Defense
Defense Defense Time % Phy DF OF
1 Mattias Ekholm Erik Karlsson 50 1 2 2
2 Ryan Suter Anton Stralman 50 1 2 2
Penalty Kill 4 Players Forward
Center Wing Time % Phy DF OF
1 Leon Draisaitl Mitch Marner 50 1 2 2
2 Pavel Buchnevich Ryan Johansen 50 1 2 2
Penalty Kill 4 Players Defense
Defense Defense Time % Phy DF OF
1 Mattias Ekholm Erik Karlsson 50 1 2 2
2 Ryan Suter Anton Stralman 50 1 2 2
Penalty Kill - 3 Players Forward
Forward Time % Phy DF OF
1 Leon Draisaitl 50 1 2 2
2 Mitch Marner 50 1 2 2
Penalty Kill - 3 Players Defense
Defense Defense Time % Phy DF OF
1 Mattias Ekholm Erik Karlsson 50 1 2 2
2 Ryan Suter Anton Stralman 50 1 2 2
4 vs 4 Forward
Center Wing Time % Phy DF OF
1 Leon Draisaitl Mitch Marner 50 1 2 2
2 Pavel Buchnevich Ryan Johansen 50 1 2 2
4 vs 4 Defense
Defense Defense Time % Phy DF OF
1 Mattias Ekholm Erik Karlsson 50 1 2 2
2 Ryan Suter Anton Stralman 50 1 2 2
Last Minutes Offensive
Center Left Wing Right Wing Defense Defense
Leon Draisaitl Mitch Marner Pavel Buchnevich Mattias Ekholm Erik Karlsson
Last Minutes Defensive
Center Left Wing Right Wing Defense Defense
Leon Draisaitl Mitch Marner Pavel Buchnevich Mattias Ekholm Erik Karlsson
Goaltenders
Starting : Mike Smith
Backup : Jonathan Quick
Extra Forwards
Normal : Jean-Gabriel Pageau, Reilly Smith, Jordan Eberle - PP : Jean-Gabriel Pageau, Reilly Smith - PK : Jordan Eberle
Extra Defensemen
Normal : Chris Tanev, T.J. Brodie, Erik Gudbranson - PP : Chris Tanev - PK : T.J. Brodie, Erik Gudbranson
Penalty Shots
Leon Draisaitl, Mitch Marner, Pavel Buchnevich, Ryan Johansen, Jeff Carter
% Time on Ice - Calgary Flames
Lines # - Real PCT - Wanted PCT - Time Play
Normal Forward
1 - 27% - 30% - 11:51
2 - 29% - 30% - 12:41
3 - 25% - 25% - 11:05
4 - 19% - 15% - 8:27
Normal Defense
1 - 36% - 35% - 15:43
2 - 35% - 35% - 15:31
3 - 27% - 30% - 12:07
4 - 2% - 0% - 0:43
PP Forward
1 - 51% - 50% - 4:01
2 - 49% - 50% - 3:55
PP Defense
1 - 53% - 50% - 4:11
2 - 47% - 50% - 3:45
PK Forward
1 - 48% - 50% - 3:17
2 - 52% - 50% - 3:33
PK Defense
1 - 56% - 50% - 3:48
2 - 44% - 50% - 3:02
PK3 Forward
1 - 0% - 50%
2 - 0% - 50%
PK3 Defense
1 - 0% - 50%
2 - 0% - 50%
44 Forward
1 - 0% - 50%
2 - 0% - 50%
44 Defense
1 - 0% - 50%
2 - 0% - 50%
Last Minute Offensive - 1:10
Last Minute Defensive - 0:00
Total
Forward - 60:00
Defense - 60:00
|
% Time on Ice - Pittsburgh Penguins
Lines # - Real PCT - Wanted PCT - Time Play
Normal Forward
1 - 29% - 30% - 12:49
2 - 27% - 30% - 12:06
3 - 25% - 25% - 10:58
4 - 19% - 15% - 8:12
Normal Defense
1 - 34% - 35% - 15:09
2 - 35% - 35% - 15:20
3 - 29% - 30% - 12:47
4 - 2% - 0% - 0:49
PP Forward
1 - 56% - 50% - 3:48
2 - 44% - 50% - 3:02
PP Defense
1 - 47% - 50% - 3:14
2 - 53% - 50% - 3:36
PK Forward
1 - 53% - 50% - 4:10
2 - 47% - 50% - 3:46
PK Defense
1 - 51% - 50% - 4:01
2 - 49% - 50% - 3:55
PK3 Forward
1 - 0% - 50%
2 - 0% - 50%
PK3 Defense
1 - 0% - 50%
2 - 0% - 50%
44 Forward
1 - 0% - 50%
2 - 0% - 50%
44 Defense
1 - 0% - 50%
2 - 0% - 50%
Last Minute Offensive - 0:00
Last Minute Defensive - 1:09
Total
Forward - 60:00
Defense - 60:00
|
Play-by-Play
1st period
0:01 of 1st period - Leon Draisaitl wins face-off versus Sebastian Aho in neutral zone.
0:57 of 1st period - Anton Stralman is hit by Valeri Nichushkin and loses puck.
1:12 of 1st period - Snap shot by Joel Eriksson Ek.
1:12 of 1st period - Stopped by Mike Smith without a rebound.
1:13 of 1st period - Colton Sissons wins face-off versus Joel Eriksson Ek in Pittsburgh Penguins zone.
1:20 of 1st period - Joel Eriksson Ek is hit by T.J. Brodie and loses puck.
2:03 of 1st period - Slapshot by Erik Karlsson.
2:03 of 1st period - Deflect By Jordan Eberle.
2:03 of 1st period - Stopped by Thatcher Demko with a rebound.
2:26 of 1st period - Snap shot by Max Pacioretty.
2:26 of 1st period - Shot Blocked by Erik Gudbranson.
2:45 of 1st period - Wrist shot by Jordan Eberle.
2:45 of 1st period - Deflect By Joel Eriksson Ek.
2:45 of 1st period - Stopped by Thatcher Demko without a rebound.
2:46 of 1st period - Logan Couture wins face-off versus Leon Draisaitl in Calgary Flames zone.
2:59 of 1st period - Snap shot by Valeri Nichushkin.
2:59 of 1st period - Shot Misses the Net.
3:45 of 1st period - Wrist shot by Jean-Gabriel Pageau.
3:45 of 1st period - Shot Misses the Net.
3:47 of 1st period - Snap shot by Jean-Gabriel Pageau.
3:47 of 1st period - Shot Misses the Net.
4:26 of 1st period - Icing by Ryan Ellis.
4:27 of 1st period - Jean-Gabriel Pageau wins face-off versus Valeri Nichushkin in Calgary Flames zone.
4:56 of 1st period - Slapshot by Leon Draisaitl.
4:56 of 1st period - Stopped by Thatcher Demko with a rebound.
5:44 of 1st period - Wrist shot by Jordan Eberle.
5:44 of 1st period - Shot Misses the Net.
5:46 of 1st period - Snap shot by Erik Karlsson.
5:46 of 1st period - Shot Blocked by Nic Dowd.
6:29 of 1st period - Snap shot by J.T. Miller.
6:29 of 1st period - Deflect By Zach Hyman.
6:29 of 1st period - Shot Misses the Net.
6:29 of 1st period - Puck is out of play.
6:30 of 1st period - Sebastian Aho wins face-off versus Leon Draisaitl in Pittsburgh Penguins zone.
6:45 of 1st period - Zach Hyman is hit by T.J. Brodie and loses puck.
7:00 of 1st period - Wrist shot by Anders Lee.
7:00 of 1st period - Shot Misses the Net.
7:45 of 1st period - Wrist shot by Nic Dowd.
7:45 of 1st period - Stopped by Mike Smith with a rebound.
7:47 of 1st period - Snap shot by Nic Dowd.
7:47 of 1st period - Shot Blocked by Anton Stralman.
8:03 of 1st period - Wrist shot by Mitch Marner.
8:03 of 1st period - Goal by Mitch Marner - Calgary Flames : 0 - Pittsburgh Penguins : 1.
8:04 of 1st period - Logan Couture wins face-off versus Ryan Johansen in neutral zone.
8:13 of 1st period - Wrist shot by Logan Couture.
8:13 of 1st period - Shot Blocked by T.J. Brodie.
8:15 of 1st period - Slapshot by Kevin Fiala.
8:15 of 1st period - Shot Misses the Net.
8:17 of 1st period - Snap shot by Logan Couture.
8:17 of 1st period - Shot Blocked by T.J. Brodie.
8:19 of 1st period - Wrist shot by Ryan McDonagh.
8:19 of 1st period - Stopped by Mike Smith without a rebound.
8:20 of 1st period - Leon Draisaitl wins face-off versus Sebastian Aho in Pittsburgh Penguins zone.
8:34 of 1st period - Icing by J.T. Miller.
8:35 of 1st period - Ryan Johansen wins face-off versus Sebastian Aho in Calgary Flames zone.
8:52 of 1st period - Snap shot by J.T. Miller.
8:52 of 1st period - Goal by J.T. Miller - Calgary Flames : 1 - Pittsburgh Penguins : 1.
8:53 of 1st period - Leon Draisaitl wins face-off versus Logan Couture in neutral zone.
8:56 of 1st period - Logan Couture is hit by T.J. Brodie and loses puck.
9:06 of 1st period - Minor Penalty to Jeff Petry for Cross-checking.
9:07 of 1st period - Leon Draisaitl wins face-off versus Sebastian Aho in Calgary Flames zone.
9:24 of 1st period - Wrist shot by Zach Hyman.
9:24 of 1st period - Stopped by Mike Smith with a rebound.
9:55 of 1st period - Wrist shot by Mitch Marner.
9:55 of 1st period - Stopped by Thatcher Demko with a rebound.
9:57 of 1st period - Slapshot by Erik Karlsson.
9:57 of 1st period - Shot Misses the Net.
9:59 of 1st period - Slapshot by Erik Karlsson.
9:59 of 1st period - Deflect By Leon Draisaitl.
9:59 of 1st period - Goal by Leon Draisaitl - Calgary Flames : 1 - Pittsburgh Penguins : 2.
10:00 of 1st period - Ryan Johansen wins face-off versus Joel Eriksson Ek in neutral zone.
10:04 of 1st period - Slapshot by Ryan Johansen.
10:04 of 1st period - Shot Misses the Net.
10:06 of 1st period - Snap shot by Jeff Carter.
10:06 of 1st period - Shot Misses the Net.
10:08 of 1st period - Snap shot by Jeff Carter.
10:08 of 1st period - Shot Blocked by Kris Russell.
10:10 of 1st period - Snap shot by Chris Tanev.
10:10 of 1st period - Stopped by Thatcher Demko with a rebound.
10:12 of 1st period - Snap shot by Ryan Johansen.
10:12 of 1st period - Stopped by Thatcher Demko without a rebound.
10:13 of 1st period - Jean-Gabriel Pageau wins face-off versus Logan Couture in Calgary Flames zone.
10:16 of 1st period - Wrist shot by Reilly Smith.
10:16 of 1st period - Shot Misses the Net.
10:38 of 1st period - Mitch Marner is hit by Joel Eriksson Ek and loses puck.
11:03 of 1st period - Wrist shot by Zach Hyman.
11:03 of 1st period - Shot Blocked by Chris Tanev.
11:09 of 1st period - T.J. Brodie is hit by Zach Hyman and loses puck.
12:15 of 1st period - Jean-Gabriel Pageau is hit by Logan Couture and loses puck.
12:29 of 1st period - Off-side.
12:30 of 1st period - Leon Draisaitl wins face-off versus Sebastian Aho in neutral zone.
12:39 of 1st period - Wrist shot by Sebastian Aho.
12:39 of 1st period - Shot Misses the Net.
12:41 of 1st period - Wrist shot by Zach Hyman.
12:41 of 1st period - Stopped by Mike Smith without a rebound.
12:42 of 1st period - Leon Draisaitl wins face-off versus Valeri Nichushkin in Pittsburgh Penguins zone.
12:47 of 1st period - Drew Doughty is hit by Mattias Ekholm.
12:55 of 1st period - Snap shot by Pavel Buchnevich.
12:55 of 1st period - Shot Misses the Net.
13:09 of 1st period - Erik Karlsson is hit by Mathieu Joseph and loses puck.
13:34 of 1st period - Slapshot by Colton Sissons.
13:34 of 1st period - Stopped by Thatcher Demko with a rebound.
13:36 of 1st period - Wrist shot by Jordan Eberle.
13:36 of 1st period - Shot Misses the Net.
13:54 of 1st period - Backhand shot by Pavel Buchnevich.
13:54 of 1st period - Shot Misses the Net.
14:16 of 1st period - Snap shot by Kevin Fiala.
14:16 of 1st period - Shot Misses the Net.
14:28 of 1st period - Snap shot by Kevin Fiala.
14:28 of 1st period - Stopped by Mike Smith with a rebound.
14:38 of 1st period - Jordan Eberle is hit by Jeremy Lauzon and loses puck.
15:01 of 1st period - Backhand shot by Pavel Buchnevich.
15:01 of 1st period - Stopped by Thatcher Demko without a rebound.
15:02 of 1st period - Logan Couture wins face-off versus Leon Draisaitl in Calgary Flames zone.
15:15 of 1st period - Snap shot by Pavel Buchnevich.
15:15 of 1st period - Shot Blocked by Kris Russell.
15:19 of 1st period - Wrist shot by Mitch Marner.
15:19 of 1st period - Stopped by Thatcher Demko with a rebound.
15:21 of 1st period - Wrist shot by Mitch Marner.
15:21 of 1st period - Stopped by Thatcher Demko with a rebound.
15:23 of 1st period - Snap shot by Leon Draisaitl.
15:23 of 1st period - Shot Blocked by Jeremy Lauzon.
15:47 of 1st period - Snap shot by Leon Draisaitl.
15:47 of 1st period - Stopped by Thatcher Demko with a rebound.
15:49 of 1st period - Snap shot by Mitch Marner.
15:49 of 1st period - Stopped by Thatcher Demko with a rebound.
16:07 of 1st period - Slapshot by Leon Draisaitl.
16:07 of 1st period - Deflect By Valeri Nichushkin.
16:07 of 1st period - Shot Misses the Net.
16:07 of 1st period - Puck is out of play.
16:08 of 1st period - J.T. Miller wins face-off versus Ryan Johansen in Calgary Flames zone.
17:10 of 1st period - Slapshot by Jeff Carter.
17:10 of 1st period - Stopped by Thatcher Demko with a rebound.
17:12 of 1st period - Wrist shot by Jeff Carter.
17:12 of 1st period - Shot Misses the Net.
17:14 of 1st period - Wrist shot by Jeff Carter.
17:14 of 1st period - Shot Misses the Net.
17:56 of 1st period - Slapshot by Ryan Johansen.
17:56 of 1st period - Deflect By Anders Lee.
17:56 of 1st period - Shot Blocked by Garnet Hathaway.
17:56 of 1st period - Puck is out of play.
17:57 of 1st period - Joel Eriksson Ek wins face-off versus Jean-Gabriel Pageau in Calgary Flames zone.
18:22 of 1st period - Leon Draisaitl is hit by Jeff Petry and loses puck.
18:31 of 1st period - Backhand shot by J.T. Miller.
18:31 of 1st period - Shot Misses the Net.
18:33 of 1st period - Wrist shot by Zach Hyman.
18:33 of 1st period - Deflect By Pavel Buchnevich.
18:33 of 1st period - Shot Misses the Net.
18:33 of 1st period - Puck is out of play.
18:34 of 1st period - Jean-Gabriel Pageau wins face-off versus Logan Couture in Pittsburgh Penguins zone.
18:59 of 1st period - Jeremy Lauzon is hit by Erik Gudbranson.
19:10 of 1st period - Minor Penalty to Erik Gudbranson for Roughing.
19:11 of 1st period - Sebastian Aho wins face-off versus Leon Draisaitl in Pittsburgh Penguins zone.
19:11 of 1st period - Wrist shot by J.T. Miller.
19:11 of 1st period - Stopped by Mike Smith without a rebound.
19:12 of 1st period - Mitch Marner wins face-off versus Sebastian Aho in Pittsburgh Penguins zone.
19:29 of 1st period - Snap shot by J.T. Miller.
19:29 of 1st period - Shot Blocked by Pavel Buchnevich.
Goals for this period are 1 for Calgary Flames vs 2 for Pittsburgh Penguins.
Shots for this period are 8 for Calgary Flames vs 15 for Pittsburgh Penguins.
2nd period
0:01 of 2nd period - Logan Couture wins face-off versus Pavel Buchnevich in neutral zone.
0:23 of 2nd period - Drew Doughty is hit by Erik Karlsson and loses puck.
0:57 of 2nd period - Jeff Petry is hit by Pavel Buchnevich.
1:10 of 2nd period - Penalty to Erik Gudbranson is over, Erik Gudbranson is back on ice.
1:54 of 2nd period - Icing by Ryan Suter.
1:55 of 2nd period - Colton Sissons wins face-off versus Zach Hyman in Pittsburgh Penguins zone.
2:06 of 2nd period - Snap shot by Leon Draisaitl.
2:06 of 2nd period - Shot Misses the Net.
2:08 of 2nd period - Snap shot by Leon Draisaitl.
2:08 of 2nd period - Shot Misses the Net.
2:10 of 2nd period - Slapshot by Anton Stralman.
2:10 of 2nd period - Shot Blocked by Sebastian Aho.
2:12 of 2nd period - Snap shot by Mitch Marner.
2:12 of 2nd period - Shot Misses the Net.
2:29 of 2nd period - Minor Penalty to Jeff Carter for High sticking.
2:30 of 2nd period - Leon Draisaitl wins face-off versus Sebastian Aho in Pittsburgh Penguins zone.
4:29 of 2nd period - Penalty to Jeff Carter is over, Jeff Carter is back on ice.
4:48 of 2nd period - Wrist shot by Jeff Carter.
4:48 of 2nd period - Goal by Jeff Carter - Calgary Flames : 1 - Pittsburgh Penguins : 3.
4:49 of 2nd period - Leon Draisaitl wins face-off versus Logan Couture in neutral zone.
5:00 of 2nd period - Wrist shot by Mitch Marner.
5:00 of 2nd period - Stopped by Thatcher Demko without a rebound.
5:01 of 2nd period - Sebastian Aho wins face-off versus Leon Draisaitl in Calgary Flames zone.
5:01 of 2nd period - Sebastian Aho is hit by Pavel Buchnevich.
5:11 of 2nd period - Anton Stralman is hit by Zach Hyman and loses puck.
5:28 of 2nd period - Blake Coleman is hit by Max Pacioretty and loses puck.
5:59 of 2nd period - Snap shot by Logan Couture.
5:59 of 2nd period - Stopped by Mike Smith without a rebound.
6:00 of 2nd period - Leon Draisaitl wins face-off versus Sebastian Aho in Pittsburgh Penguins zone.
6:00 of 2nd period - Leon Draisaitl is hit by Sebastian Aho.
7:31 of 2nd period - Blake Coleman is hit by Jeff Petry and loses puck.
7:44 of 2nd period - Slapshot by Zach Hyman.
7:44 of 2nd period - Shot Misses the Net.
8:00 of 2nd period - Joel Eriksson Ek is hit by Colton Sissons and loses puck.
8:16 of 2nd period - Icing by Max Pacioretty.
8:17 of 2nd period - Ryan Johansen wins face-off versus Joel Eriksson Ek in Calgary Flames zone.
8:27 of 2nd period - Off-side.
8:28 of 2nd period - Ryan Johansen wins face-off versus Sebastian Aho in neutral zone.
8:44 of 2nd period - Slapshot by Sebastian Aho.
8:44 of 2nd period - Stopped by Mike Smith with a rebound.
8:58 of 2nd period - Minor Penalty to Logan Couture for Holding.
8:59 of 2nd period - Ryan Johansen wins face-off versus Mathieu Joseph in Calgary Flames zone.
9:24 of 2nd period - Mathieu Joseph is hit by Leon Draisaitl and loses puck.
9:35 of 2nd period - Wrist shot by Ryan Ellis.
9:35 of 2nd period - Shot Misses the Net.
10:58 of 2nd period - Penalty to Logan Couture is over, Logan Couture is back on ice.
11:30 of 2nd period - Slapshot by Max Pacioretty.
11:30 of 2nd period - Stopped by Mike Smith with a rebound.
11:32 of 2nd period - Snap shot by Joel Eriksson Ek.
11:32 of 2nd period - Stopped by Mike Smith with a rebound.
11:34 of 2nd period - Wrist shot by Joel Eriksson Ek.
11:34 of 2nd period - Shot Misses the Net.
13:29 of 2nd period - Jean-Gabriel Pageau is hit by Mathieu Joseph.
14:18 of 2nd period - Ryan McDonagh is hit by Jordan Eberle and loses puck.
14:25 of 2nd period - Erik Karlsson is hit by Ryan McDonagh and loses puck.
14:46 of 2nd period - Wrist shot by J.T. Miller.
14:46 of 2nd period - Shot Misses the Net.
15:18 of 2nd period - Slapshot by Jeff Carter.
15:18 of 2nd period - Shot Misses the Net.
15:22 of 2nd period - Snap shot by Ryan Johansen.
15:22 of 2nd period - Deflect By Anders Lee.
15:22 of 2nd period - Shot Misses the Net.
15:22 of 2nd period - Puck is out of play.
15:23 of 2nd period - Sebastian Aho wins face-off versus Ryan Johansen in Calgary Flames zone.
15:28 of 2nd period - Wrist shot by Sebastian Aho.
15:28 of 2nd period - Deflect By J.T. Miller.
15:28 of 2nd period - Stopped by Mike Smith with a rebound.
15:40 of 2nd period - Jeff Carter is hit by Drew Doughty and loses puck.
16:00 of 2nd period - Snap shot by Anders Lee.
16:00 of 2nd period - Stopped by Thatcher Demko with a rebound.
16:14 of 2nd period - Snap shot by Jeff Carter.
16:14 of 2nd period - Stopped by Thatcher Demko with a rebound.
16:20 of 2nd period - Ryan Johansen is hit by Zach Hyman and loses puck.
16:41 of 2nd period - Backhand shot by Sebastian Aho.
16:41 of 2nd period - Deflect By J.T. Miller.
16:41 of 2nd period - Stopped by Mike Smith without a rebound.
16:42 of 2nd period - Logan Couture wins face-off versus Leon Draisaitl in Pittsburgh Penguins zone.
16:45 of 2nd period - Snap shot by Logan Couture.
16:45 of 2nd period - Shot Blocked by Mitch Marner.
17:15 of 2nd period - Icing by Jean-Gabriel Pageau.
17:16 of 2nd period - Joel Eriksson Ek wins face-off versus Jean-Gabriel Pageau in Pittsburgh Penguins zone.
17:17 of 2nd period - Wrist shot by Max Pacioretty.
17:17 of 2nd period - Goal by Max Pacioretty - Calgary Flames : 2 - Pittsburgh Penguins : 3.
17:18 of 2nd period - Leon Draisaitl wins face-off versus Logan Couture in neutral zone.
17:45 of 2nd period - Mattias Ekholm is hit by Max Pacioretty.
17:51 of 2nd period - Snap shot by Mitch Marner.
17:51 of 2nd period - Stopped by Thatcher Demko with a rebound.
17:53 of 2nd period - Slapshot by T.J. Brodie.
17:53 of 2nd period - Shot Misses the Net.
17:55 of 2nd period - Wrist shot by Mitch Marner.
17:55 of 2nd period - Stopped by Thatcher Demko with a rebound.
17:57 of 2nd period - Snap shot by Pavel Buchnevich.
17:57 of 2nd period - Stopped by Thatcher Demko without a rebound.
17:58 of 2nd period - Jean-Gabriel Pageau wins face-off versus Logan Couture in Calgary Flames zone.
17:59 of 2nd period - Snap shot by Reilly Smith.
17:59 of 2nd period - Shot Blocked by Drew Doughty.
18:24 of 2nd period - T.J. Brodie is hit by Ryan McDonagh and loses puck.
18:49 of 2nd period - Slapshot by Max Pacioretty.
18:49 of 2nd period - Deflect By Mattias Ekholm.
18:49 of 2nd period - Stopped by Mike Smith with a rebound.
18:51 of 2nd period - Slapshot by Drew Doughty.
18:51 of 2nd period - Stopped by Mike Smith without a rebound.
18:52 of 2nd period - Leon Draisaitl wins face-off versus Kevin Fiala in Pittsburgh Penguins zone.
18:57 of 2nd period - Slapshot by Valeri Nichushkin.
18:57 of 2nd period - Stopped by Mike Smith with a rebound.
19:09 of 2nd period - Snap shot by Leon Draisaitl.
19:09 of 2nd period - Stopped by Thatcher Demko with a rebound.
19:19 of 2nd period - Blake Coleman is hit by J.T. Miller.
Goals for this period are 1 for Calgary Flames vs 1 for Pittsburgh Penguins.
Shots for this period are 10 for Calgary Flames vs 8 for Pittsburgh Penguins.
3rd period
0:01 of 3rd period - Logan Couture wins face-off versus Pavel Buchnevich in neutral zone.
0:26 of 3rd period - Drew Doughty is hit by Ryan Suter and loses puck.
0:53 of 3rd period - Snap shot by Anders Lee.
0:53 of 3rd period - Shot Misses the Net.
1:58 of 3rd period - Ryan Ellis is hit by T.J. Brodie and loses puck.
2:21 of 3rd period - Wrist shot by J.T. Miller.
2:21 of 3rd period - Stopped by Mike Smith with a rebound.
2:23 of 3rd period - Snap shot by Zach Hyman.
2:23 of 3rd period - Stopped by Mike Smith with a rebound.
2:27 of 3rd period - Snap shot by J.T. Miller.
2:27 of 3rd period - Shot Blocked by Mattias Ekholm.
2:29 of 3rd period - Slapshot by Ryan Ellis.
2:29 of 3rd period - Deflect By J.T. Miller.
2:29 of 3rd period - Stopped by Mike Smith with a rebound.
2:31 of 3rd period - Slapshot by Ryan Ellis.
2:31 of 3rd period - Shot Misses the Net.
2:39 of 3rd period - Minor Penalty to Jeff Carter for Hooking.
2:40 of 3rd period - Logan Couture wins face-off versus Leon Draisaitl in Pittsburgh Penguins zone.
2:41 of 3rd period - Backhand shot by Valeri Nichushkin.
2:41 of 3rd period - Shot Blocked by Anton Stralman.
2:43 of 3rd period - Slapshot by Ryan McDonagh.
2:43 of 3rd period - Stopped by Mike Smith without a rebound.
2:44 of 3rd period - Leon Draisaitl wins face-off versus Logan Couture in Pittsburgh Penguins zone.
3:12 of 3rd period - Drew Doughty is hit by Anton Stralman and loses puck.
4:39 of 3rd period - Penalty to Jeff Carter is over, Jeff Carter is back on ice.
5:17 of 3rd period - Snap shot by Garnet Hathaway.
5:17 of 3rd period - Goal by Garnet Hathaway - Calgary Flames : 3 - Pittsburgh Penguins : 3.
5:18 of 3rd period - Leon Draisaitl wins face-off versus Logan Couture in neutral zone.
5:23 of 3rd period - Snap shot by Ryan Suter.
5:23 of 3rd period - Stopped by Thatcher Demko without a rebound.
5:24 of 3rd period - Leon Draisaitl wins face-off versus Logan Couture in Calgary Flames zone.
5:28 of 3rd period - Minor Penalty to Drew Doughty for Roughing.
5:29 of 3rd period - Ryan Johansen wins face-off versus Sebastian Aho in Calgary Flames zone.
7:28 of 3rd period - Penalty to Drew Doughty is over, Drew Doughty is back on ice.
7:59 of 3rd period - Snap shot by Colton Sissons.
7:59 of 3rd period - Stopped by Thatcher Demko with a rebound.
8:05 of 3rd period - Jordan Eberle is hit by Jeremy Lauzon and loses puck.
8:17 of 3rd period - Off-side.
8:18 of 3rd period - Logan Couture wins face-off versus Ryan Johansen in neutral zone.
8:26 of 3rd period - Minor Penalty to Erik Karlsson for Goalie Interference.
8:27 of 3rd period - Sebastian Aho wins face-off versus Pavel Buchnevich in Pittsburgh Penguins zone.
8:57 of 3rd period - Backhand shot by Jeff Petry.
8:57 of 3rd period - Deflect By Logan Couture.
8:57 of 3rd period - Stopped by Mike Smith with a rebound.
8:59 of 3rd period - Wrist shot by Valeri Nichushkin.
8:59 of 3rd period - Stopped by Mike Smith without a rebound.
9:00 of 3rd period - Pavel Buchnevich wins face-off versus Valeri Nichushkin in Pittsburgh Penguins zone.
9:00 of 3rd period - Pavel Buchnevich is hit by Ryan McDonagh.
9:16 of 3rd period - Slapshot by Kevin Fiala.
9:16 of 3rd period - Stopped by Mike Smith without a rebound.
9:17 of 3rd period - Sebastian Aho wins face-off versus Pavel Buchnevich in Pittsburgh Penguins zone.
9:28 of 3rd period - Snap shot by Sebastian Aho.
9:28 of 3rd period - Shot Misses the Net.
9:52 of 3rd period - Snap shot by Ryan Ellis.
9:52 of 3rd period - Shot Blocked by Pavel Buchnevich.
9:54 of 3rd period - Slapshot by Logan Couture.
9:54 of 3rd period - Stopped by Mike Smith without a rebound.
9:55 of 3rd period - Sebastian Aho wins face-off versus Leon Draisaitl in Pittsburgh Penguins zone.
10:26 of 3rd period - Penalty to Erik Karlsson is over, Erik Karlsson is back on ice.
10:52 of 3rd period - Wrist shot by Garnet Hathaway.
10:52 of 3rd period - Stopped by Mike Smith without a rebound.
10:53 of 3rd period - Sebastian Aho wins face-off versus Ryan Johansen in Pittsburgh Penguins zone.
11:20 of 3rd period - Jeff Petry is hit by Jean-Gabriel Pageau and loses puck.
11:46 of 3rd period - Mathieu Joseph is hit by Jordan Eberle and loses puck.
11:51 of 3rd period - Wrist shot by Jordan Eberle.
11:51 of 3rd period - Goal by Jordan Eberle - Calgary Flames : 3 - Pittsburgh Penguins : 4.
11:52 of 3rd period - Leon Draisaitl wins face-off versus Sebastian Aho in neutral zone.
12:08 of 3rd period - Wrist shot by Mitch Marner.
12:08 of 3rd period - Stopped by Thatcher Demko with a rebound.
12:10 of 3rd period - Minor Penalty to J.T. Miller for Hooking.
12:11 of 3rd period - Sebastian Aho wins face-off versus Ryan Johansen in Calgary Flames zone.
12:36 of 3rd period - Jeff Petry is hit by Pavel Buchnevich and loses puck.
12:53 of 3rd period - Snap shot by Anders Lee.
12:53 of 3rd period - Stopped by Thatcher Demko with a rebound.
13:21 of 3rd period - Wrist shot by Sebastian Aho.
13:21 of 3rd period - Stopped by Mike Smith with a rebound.
14:10 of 3rd period - Penalty to J.T. Miller is over, J.T. Miller is back on ice.
14:40 of 3rd period - Wrist shot by Max Pacioretty.
14:40 of 3rd period - Deflect By Mathieu Joseph.
14:40 of 3rd period - Stopped by Mike Smith without a rebound.
14:41 of 3rd period - Colton Sissons wins face-off versus Joel Eriksson Ek in Pittsburgh Penguins zone.
14:48 of 3rd period - Snap shot by Max Pacioretty.
14:48 of 3rd period - Stopped by Mike Smith with a rebound.
14:50 of 3rd period - Snap shot by Kris Russell.
14:50 of 3rd period - Stopped by Mike Smith with a rebound.
14:52 of 3rd period - Slapshot by Kris Russell.
14:52 of 3rd period - Stopped by Mike Smith with a rebound.
14:54 of 3rd period - Wrist shot by Max Pacioretty.
14:54 of 3rd period - Shot Misses the Net.
15:06 of 3rd period - Jeremy Lauzon is hit by Erik Karlsson.
15:09 of 3rd period - Off-side.
15:10 of 3rd period - Logan Couture wins face-off versus Jean-Gabriel Pageau in neutral zone.
15:33 of 3rd period - Slapshot by Ryan Suter.
15:33 of 3rd period - Stopped by Thatcher Demko without a rebound.
15:34 of 3rd period - Leon Draisaitl wins face-off versus Joel Eriksson Ek in Calgary Flames zone.
15:35 of 3rd period - Snap shot by Pavel Buchnevich.
15:35 of 3rd period - Shot Hit the Post.
15:47 of 3rd period - Wrist shot by Joel Eriksson Ek.
15:47 of 3rd period - Deflect By Erik Karlsson.
15:47 of 3rd period - Shot Blocked by Pavel Buchnevich.
15:47 of 3rd period - Puck is out of play.
15:48 of 3rd period - Jean-Gabriel Pageau wins face-off versus Joel Eriksson Ek in Pittsburgh Penguins zone.
15:57 of 3rd period - Snap shot by Max Pacioretty.
15:57 of 3rd period - Stopped by Mike Smith with a rebound.
16:13 of 3rd period - Zach Hyman is hit by Leon Draisaitl.
16:53 of 3rd period - Slapshot by Pavel Buchnevich.
16:53 of 3rd period - Shot Misses the Net.
16:57 of 3rd period - Wrist shot by Leon Draisaitl.
16:57 of 3rd period - Shot Blocked by Kevin Fiala.
17:17 of 3rd period - Wrist shot by Leon Draisaitl.
17:17 of 3rd period - Shot Misses the Net.
17:19 of 3rd period - Snap shot by Mitch Marner.
17:19 of 3rd period - Shot Blocked by Ryan Ellis.
17:21 of 3rd period - Slapshot by Ryan Suter.
17:21 of 3rd period - Shot Misses the Net.
17:23 of 3rd period - Wrist shot by Leon Draisaitl.
17:23 of 3rd period - Stopped by Thatcher Demko without a rebound.
17:24 of 3rd period - Joel Eriksson Ek wins face-off versus Jean-Gabriel Pageau in Calgary Flames zone.
17:49 of 3rd period - Mattias Ekholm is hit by Garnet Hathaway and loses puck.
18:35 of 3rd period - Max Pacioretty is hit by Mattias Ekholm and loses puck.
18:42 of 3rd period - Calgary Flames, Thatcher Demko is pulled from the net.
19:14 of 3rd period - Wrist shot by Sebastian Aho.
19:14 of 3rd period - Stopped by Mike Smith without a rebound.
19:15 of 3rd period - Bruce Boudreau call a timeout for Calgary Flames.
19:15 of 3rd period - Sebastian Aho wins face-off versus Leon Draisaitl in Pittsburgh Penguins zone.
19:28 of 3rd period - Wrist shot by Zach Hyman.
19:28 of 3rd period - Shot Blocked by Erik Karlsson.
19:54 of 3rd period - Snap shot by Zach Hyman.
19:54 of 3rd period - Shot Blocked by Mitch Marner.
Goals for this period are 1 for Calgary Flames vs 1 for Pittsburgh Penguins.
Shots for this period are 17 for Calgary Flames vs 7 for Pittsburgh Penguins.
Back to the Top